 Dungeon Crawl Stone Soup version 0.29-a0-824-gd827844252 (webtiles) character file.

Game seed: 15008395935584261645

350 Querens the Shield-Bearer (level 7, -8/60 HPs)
             Began as a Meteoran Fighter on July 9, 2022.
             Was an Initiate of Okawaru.
             Mangled by a gnoll
             ... wielding a +2 halberd of holy wrath
              (12 damage)
             ... on level 4 of the Dungeon.
             The game lasted 00:06:09 (1748 turns).

Querens the Shield-Bearer (Meteoran Fighter)        Turns: 1748, Time: 00:06:10

Health: -8/60      AC:  8    Str: 20    XL:     7   Next: 15%
Magic:  8/8        EV:  9    Int: 10    God:    Okawaru [......]
Gold:   166        SH:  6    Dex: 13    Spells: 6/6 levels left

rFire   . . .      SeeInvis .   a - +0 war axe
rCold   . . .      Faith    .   c - +1 buckler
rNeg    . . .      Spirit   .   b - +0 scale mail
rPois   .          Reflect  .   (no helmet)
rElec   .          Harm     .   g - +0 cloak
rCorr   .          Rampage  .   (no gloves)
Will    .....                   (no boots)
Stlth   ..........              (no amulet)
HPRegen 0.20/turn               (no ring)
MPRegen 0.11/turn               (no ring)

@: glowing
A: sense surroundings 1, otherworldly, glowing, explore regen
a: Renounce Religion


You were on level 4 of the Dungeon.
You worshipped Okawaru.
Okawaru was noncommittal.
You visited 1 branch of the dungeon, and saw 4 of its levels.

You collected 166 gold pieces.

Inventory:

Hand Weapons
 a - a +0 war axe (weapon)
Armour
 b - a +0 scale mail (worn)
 c - a +1 buckler (worn)
 g - a +0 cloak (worn)
 k - a +0 plate armour
Wands
 l - a wand of roots (4)
Scrolls
 f - a scroll of teleportation {unknown}
 h - 5 scrolls of identify {unknown}
 i - a scroll of fog {unknown}
 o - a scroll of amnesia {unknown}
 p - a scroll of vulnerability {unknown}
 q - a scroll of enchant weapon {unknown}
Potions
 d - a potion of might


   Skills:
 + Level 4.9 Fighting
 + Level 4.5 Axes
 + Level 5.2 Armour
 + Level 5.3 Shields


You had 6 spell levels left.
You didn't know any spells.
Your spell library contained the following spells:

 Spells                   Type           Power      Damage    Failure   Level
 Magic Dart               Conj           0%         1d3       78%         1
 Shock                    Conj/Air       0%         1d3       78%         1
 Mephitic Cloud           Conj/Pois/Air  0%         N/A       98%         3
 Portal Projectile        Hex/Tloc       0%         N/A       98%         3
 Swiftness                Air            0%         N/A       98%         3
 Airstrike                Air            0%         0-1+      100%        4
 Passage of Golubria      Tloc           0%         N/A       100%        4
 Blade Hands              Tmut           0%         N/A       100%        5
 Yara's Violent Unravell  Hex/Tmut       0%         3d3       100%        5
 Call Imp                 Summ           Unusable   N/A       N/A         2
 Tukima's Dance           Hex            Unusable   N/A       N/A         3
 Animate Dead             Necr           Unusable   N/A       N/A         4
 Haunt                    Necr/Summ      Unusable   N/A       N/A         7
 Infestation              Necr           Unusable   N/A       N/A         8

Dungeon Overview and Level Annotations

Branches:
Dungeon (4/15) Zot: 583
 Temple: D:4-7

Altars:
Dithmenos
Gozag
Okawaru
Trog

Shops:
D:4 [


Innate Abilities, Weirdness & Mutations

You passively map a small area around you.
You are easily found by Zot.
You glow in the dark.
You regain HP and MP as you explore.


Message History

You feel clever all of a sudden. The gnoll hits you with a +0 club.
* * * LOW HITPOINT WARNING * * *
The gnoll hits you but does no damage. The kobold misses you.
It was a potion of heal wounds.
You feel much better. The gnoll hits you with a +0 club.
The gnoll hits you from afar with a +2 halberd of holy wrath.
The kobold hits you but does no damage.
You feel very mighty all of a sudden.
The gnoll barely misses you. x2; The kobold hits you but does no damage.
You barely miss the gnoll.
The gnoll is moderately wounded.
You hit the kobold.
The gnoll hits you from afar with a +2 halberd of holy wrath.
The gnoll hits you but does no damage. You block the kobold's attack.
You barely miss the gnoll.
The gnoll is moderately wounded.
You slash the kobold!
You kill the kobold!
Okawaru accepts your kill. The gnoll hits you with a +0 club.
The gnoll hits you from afar with a +2 halberd of holy wrath!
* * * LOW HITPOINT WARNING * * *
The gnoll hits you but does no damage.
The gnoll hits you from afar with a +2 halberd of holy wrath!
* * * LOW HITPOINT WARNING * * *
You block the kobold's attack.
It was a potion of cancellation.
Your magical effects are unravelling.
You feel magically purged.
You feel a little less mighty now.
You feel a little less clever now. The gnoll barely misses you.
You block the gnoll's attack. The kobold hits you but does no damage.
Okay, then.
As you read the scroll labelled RECIUT KOSIYHAXA, it crumbles to dust.
It is a scroll of enchant armour.
Your +0 buckler glows green for a moment.
The gnoll closely misses you. The kobold closely misses you.
The gnoll hits you from afar with a +2 halberd of holy wrath!
You die...

..# #.......##.#.#
##########.#####.##.#.#
..............##.##.#.#
##########..........#,*
####.##.#..# **
#....#..# ,, ,
####.#..#* * #K#..#
#@#..# #.g..# #.#g.#
#.#..# #.# .# #.# ..,
#.#* ## ###*


You could see 2 gnolls and a kobold.

Vanquished Creatures
  Menkaure (D:4)
  A black bear (D:4)
  5 adders (D:3)
  2 gnolls (D:4)
  2 dart slugs (D:2)
  A worm (D:2)
  An orc (D:4)
  8 ball pythons
  An endoplasm (D:1)
  3 giant cockroaches
  7 goblins
  9 hobgoblins
  3 jackals (D:3)
  11 kobolds
  2 quokkas
  3 bats
  2 frilled lizards
  5 rats
67 creatures vanquished.

Notes
Turn   | Place    | Note
-------+----------+-------------------------------------------
     0 | D:1      | Querens the Meteoran Fighter began the quest for the Orb.
     0 | D:1      | Reached XP level 1. HP: 19/19 MP: 2/2
   118 | D:1      | Reached XP level 2. HP: 26/26 MP: 3/3
   362 | D:1      | Reached XP level 3. HP: 19/31 MP: 4/4
   483 | D:1      | Glimpsed the power of Zot.
   707 | D:2      | Found a faded altar of an unknown god.
   750 | D:2      | Found a bloodstained altar of Trog.
   776 | D:2      | Reached XP level 4. HP: 26/40 MP: 5/5
   853 | D:3      | Found a shadowy altar of Dithmenos.
   950 | D:3      | Found an opulent altar of Gozag.
  1050 | D:3      | Reached XP level 5. HP: 42/46 MP: 6/6
  1344 | D:3      | Found a bloodstained altar of Trog.
  1460 | D:4      | Found Ajocres's Antique Armour Shop.
  1484 | D:4      | Noticed a black bear
  1492 | D:4      | Killed a black bear
  1493 | D:4      | Reached XP level 6. HP: 42/53 MP: 7/7
  1650 | D:4      | Found an iron altar of Okawaru.
  1665 | D:4      | Became a worshipper of Warmaster Okawaru
  1734 | D:4      | Noticed Menkaure
  1741 | D:4      | Killed Menkaure
  1742 | D:4      | Reached skill level 5 in Armour
  1742 | D:4      | Reached skill level 5 in Shields
  1742 | D:4      | Reached XP level 7. HP: 16/60 MP: 8/8
  1748 | D:4      | Mangled by a gnoll

Illustrated notes

Levels and vault maps discovered:
D:1:      onia_arrival_pentagram, layout_basic
D:2:      layout_rooms, basic_altar, hellmonk_ecumenical_altar_prayer_group,
          hangedman_abyss_or_decor_stabs
D:3:      layout_basic, lemuel_coloured_pillars_altar,
          mainiacjoe_overflow_small_starburst, nicolae_dithmenos_shadow_blocks
D:4:      cheibrodos_thug_alley, layout_basic, fiery_altar_vehumet,
          okawaru_altar_gauntlet_db, serial_shops, nicolae_shop_hallway_plus,
          uniq_blork_the_orc, uniq_menkaure

Skill      XL: |  1  2  3  4  5  6 |
---------------+-------------------+-----
Shields        | 4 5 |  5.3
Armour         | 4 5 |  5.2
Axes           | 3 4 |  4.5
Fighting       | 4 |  4.9

Action                   |  1- 3 |  4- 6 |  7- 9 || total
-------------------------+-------+-------+-------++-------
Melee: War axe           |    86 |    92 |     2 ||   180
Evoke: Wand              |       |     3 |       ||     3
  Use: Potion            |       |       |     4 ||     4
       Scroll            |       |       |     1 ||     1
Armor: Scale mail        |    37 |    68 |     6 ||   111
Dodge: Dodged            |    42 |    61 |     6 ||   109
Block: Buckler           |    25 |    29 |     3 ||    57

Table legend: (Time is in decaauts)
 A = Elapsed time spent in this place.
 B = Non-inter-level travel time spent in this place.
 C = Inter-level travel time spent in this place.
 D = Time resting spent in this place.
 E = Time spent auto-exploring this place.
 F = Levels seen in this place.
 G = Mean time per level.
                   A        B        C        D        E       F      G
               +--------+--------+--------+--------+--------+-----+--------+
         Total |   1815 |   1691 |    124 |      0 |      0 |   4 |  453.8 |
       Dungeon |   1815 |   1691 |    124 |      0 |      0 |   4 |  453.8 |
               +--------+--------+--------+--------+--------+-----+--------+

Top non-repeatable levels by time:
     D:3: 632 daAuts
     D:1: 515 daAuts
     D:2: 341 daAuts
     D:4: 325 daAuts
